 Dungeon Crawl Stone Soup version 0.29.1-4-g47bece8355 (webtiles) character file.

Game seed: 7312623871467167056

486 ChadusMaximus the Shield-Bearer (level 6, -8/57 HPs)
             Began as a Minotaur Fighter on Dec 10, 2022.
             Killed by divine providence
             ... invoked by an orc priest
              (11 damage)
             ... on level 4 of the Dungeon.
             The game lasted 00:02:50 (3130 turns).

ChadusMaximus the Shield-Bearer (Minotaur Fighter)  Turns: 3130, Time: 00:02:51

Health: -8/57      AC: 13    Str: 22    XL:     6   Next: 89%
Magic:  5/5        EV: 24    Int:  5    God:
Gold:   261        SH:  5    Dex: 10    Spells: 5/5 levels left

rFire   . . .      SeeInvis .   a - +0 war axe
rCold   . . .      Faith    .   c - +0 buckler
rNeg    . . .      Spirit   .   b - +0 scale mail
rPois   .          Reflect  .   (helmet restricted)
rElec   .          Harm     .   (no cloak)
rCorr   .          Rampage  .   (no gloves)
Will    .....                   y - +1 pair of boots
Stlth   ..........              u - amulet of the acrobat
HPRegen 0.19/turn               z - +4 ring of protection
MPRegen 0.09/turn               (no ring)

@: acrobatic, very slow
A: horns 2, retaliatory headbutt
a: no special abilities


You were on level 4 of the Dungeon.
You visited 1 branch of the dungeon, and saw 4 of its levels.

You collected 261 gold pieces.

Inventory:

Hand Weapons
 a - a +0 war axe (weapon)
Missiles
 e - 2 boomerangs of dispersal (quivered)
Armour
 b - a +0 scale mail (worn)
 c - a +0 buckler (worn)
 y - a +1 pair of boots (worn)
Jewellery
 u - an amulet of the acrobat (around neck)
 z - a +4 ring of protection (left hand)
Scrolls
 f - a scroll of immolation
 l - a scroll of fear
 m - a scroll of noise
 n - a scroll of enchant armour
 o - 2 scrolls of vulnerability {unknown}
 q - 2 scrolls of teleportation {unknown}
 r - a scroll of acquirement {unknown}
 v - 2 scrolls of amnesia {unknown}
 x - a scroll of summoning {unknown}
 A - a scroll of identify
Potions
 d - a potion of might
 g - 3 potions of haste {unknown}
 h - a potion of lignification {unknown}
 i - 3 potions of curing {unknown}
 j - a potion of degeneration {unknown}
 k - a potion of berserk rage {unknown}
 p - a potion of resistance {unknown}
 s - 3 potions of heal wounds
 t - 3 potions of mutation {unknown}
 w - a potion of brilliance {unknown}


   Skills:
 + Level 5.6 Fighting
 + Level 4.8 Axes
 + Level 5.6 Armour
 + Level 5.6 Shields


You had 5 spell levels left.
You didn't know any spells.
Your spell library contained the following spells:

 Spells                   Type           Power      Damage    Failure   Level
 Summon Small Mammal      Summ           0%         N/A       86%         1
 Call Canine Familiar     Summ           0%         N/A       99%         3
 Conjure Flame            Conj/Fire      0%         6-21      99%         3
 Ignite Poison            Fire/Tmut/Pois 0%         N/A       99%         3
 Summon Guardian Golem    Hex/Summ       0%         N/A       99%         3
 Sticky Flame             Conj/Fire      0%         2d3       100%        4


Dungeon Overview and Level Annotations

Branches:
Dungeon (4/15)
 Temple: D:4-7

Altars:
Ru


Innate Abilities, Weirdness & Mutations

You have a pair of horns on your head.
You reflexively headbutt those who attack you in melee.


Message History

The orc attacks as you move away! The orc barely misses you.
You furiously retaliate!
You headbutt the orc.
You kill the orc!
You hear the rusting of a distant drain.
There is an open door here.
The orc priest seems to regain its courage.
Cornered, the orc turns to fight!
The orc priest miscasts a cantrip.
Found a pair of glowing gloves.
The orc priest begins to cast a cantrip, but forgets the words!
Found 6 gold pieces.
Found a stone staircase leading up.
The orc closely misses you. You furiously retaliate!
You headbutt the orc.
There is an open door here.
The orc priest attacks as you move away!
You block the orc priest's attack.
The orc priest mumbles some strange prayers to Beogh against you.
Beogh smites you! The orc attacks as you move away! The orc misses you.
You furiously retaliate!
You headbutt the orc.
You kill the orc!
Found 2 sedimented white potions. 2 worms, a rat and a river rat come into view.
The orc priest looks encouraged for a moment.
You block the rat's attack. You block the river rat's attack.
The rat misses you. The rat attacks as you move away!
You block the rat's attack.
A rat comes into view.
The river rat bites you. The worm closely misses you.
The rat attacks as you move away! The rat bites you but does no damage.
You enter the shallow water.
Moving in this stuff is going to be slow.
The river rat completely misses you. You furiously retaliate!
You headbutt the river rat!
The orc priest calls down the wrath of Beogh upon you.
Beogh smites you!
* * * LOW HITPOINT WARNING * * *
You block the river rat's attack.
The orc priest mumbles some strange prayers to Beogh against you.
Beogh smites you!
You die...

###..########.....
##......#....#.....
#.......#...o)..g..
#~~.....#..[.#.....
#~~~...##....#.....
#~#...+##.og##.....
#~~~...##...##.....
#~#rw..##...##.....
#~@r~.og.....#.....
#r#w...o..$..#.....
#~#~.........#.....
~~#...#############
####.!.# #####


You could see 2 worms, an orc priest, an orc wizard, a gnoll, a river rat and 2
rats.

Vanquished Creatures
  Sigmund (D:2)
  A hound (D:4)
  3 jellies (D:3)
  An iguana (D:4)
  Robin (D:4)
  A gnoll (D:4)
  4 adders
  2 worms (D:2)
  2 dart slugs
  8 orcs
  8 bats
  14 endoplasms
  3 giant cockroaches
  13 goblins
  9 hobgoblins
  2 jackals (D:2)
  14 kobolds
  2 quokkas
  3 ball pythons
  4 frilled lizards (D:1)
  4 rats
100 creatures vanquished.

Vanquished Creatures (others)
  6 fungi (D:3)
  8 toadstools (D:3)
14 creatures vanquished.

Grand Total: 114 creatures vanquished

Notes
Turn   | Place    | Note
-------+----------+-------------------------------------------
     0 | D:1      | ChadusMaximus the Minotaur Fighter began the quest for the
                  | Orb.
     0 | D:1      | Reached XP level 1. HP: 19/19 MP: 0/0
   318 | D:1      | Reached XP level 2. HP: 27/27 MP: 1/1
   846 | D:2      | Noticed Sigmund
   854 | D:2      | Reached XP level 3. HP: 9/33 MP: 2/2
   856 | D:2      | Killed Sigmund
   857 | D:2      | Reached XP level 4. HP: 7/41 MP: 3/3
   857 | D:2      | Reached XP level 5. HP: 8/47 MP: 4/4
  1252 | D:2      | Reached skill level 5 in Shields
  1268 | D:2      | Reached skill level 5 in Fighting
  1268 | D:2      | Reached skill level 5 in Armour
  1299 | D:2      | Found a sacrificial altar of Ru.
  1720 | D:3      | Reached XP level 6. HP: 51/56 MP: 5/5
  2885 | D:4      | Identified the +1 robe of the Hills {rPois}
  2895 | D:4      | Noticed Robin
  2905 | D:4      | Killed Robin
  3130 | D:4      | Killed from afar by an orc priest

Illustrated notes

Levels and vault maps discovered:
D:1:      dpeg_arrival_fog, layout_loops_ring
D:2:      layout_basic, basic_altar, uniq_sigmund
D:3:      cheibrodos_fertilizer, layout_basic, minmay_fractal_squares_diagonal_5
D:4:      layout_gridville, lightli_sewer_entry_pipes, uniq_robin

Skill      XL: |  1  2  3  4  5 |
---------------+----------------+-----
Shields        | 4 5 |  5.6
Fighting       | 4 5 |  5.6
Armour         | 4 5 |  5.6
Axes           | 3 4 |  4.8

Action                   |  1- 3 |  4- 6 || total
-------------------------+-------+-------++-------
Melee: War axe           |    46 |   120 ||   166
       Headbutt          |     4 |    19 ||    23
  Use: Scroll            |       |     5 ||     5
Armor: Scale mail        |    24 |    57 ||    81
Dodge: Dodged            |    31 |    72 ||   103
Block: Buckler           |    12 |    36 ||    48
